 Dungeon Crawl Stone Soup version 0.27-a0-291-gd9602db6ee (webtiles) character file.

Game seed: 3030679543781643495

2116 HoaS the Cruncher (level 9, -2/48 HPs)
             Began as a Gargoyle Gladiator on Feb 9, 2021.
             Was a Follower of Okawaru.
             Killed by divine providence
             ... invoked by an orc priest
              (17 damage)
             ... on level 7 of the Dungeon.
             The game lasted 00:14:40 (7845 turns).

HoaS the Cruncher (Gargoyle Gladiator)              Turns: 7845, Time: 00:14:40

Health: -2/48      AC: 21    Str: 19    XL:     9   Next: 29%
Magic:  10/10      EV: 11    Int: 10    God:    Okawaru [*.....]
Gold:   308        SH:  5    Dex: 12    Spells: 8/8 levels left

rFire    . . .     SeeInvis .   a - +0 quarterstaff
rCold    . . .     Faith    .   (shield currently unavailable)
rNeg     + . .     Spirit   .   w - quicksilver dragon scales
rPois    ∞         Reflect  +   c - +2 helmet
rElec    +         Harm     .   v - +2 cloak
rCorr    .         Rampage  .   (no gloves)
Will     +....                  (no boots)
Stlth    +.........             y - amulet of reflection
HPRegen  0.16/turn              (no ring)
MPRegen  0.12/turn              (no ring)

@: no status effects
A: negative energy resistance 1, electricity resistance, unbreathing,
petrification resistance, miasma immunity, AC +6
a: Renounce Religion, Heroism


You were on level 7 of the Dungeon.
You worshipped Okawaru.
Okawaru was aware of your devotion.
You visited 2 branches of the dungeon, and saw 8 of its levels.
You also visited: Sewer.

You collected 308 gold pieces.

Inventory:

Hand Weapons
 a - a +0 quarterstaff (weapon)
Missiles
 d - 2 throwing nets (quivered)
 i - 68 arrows
 o - 8 boomerangs
 s - 33 poisoned darts
Armour
 c - a +2 helmet (worn)
 v - a +2 cloak (worn)
 w - quicksilver dragon scales (worn)
Jewellery
 y - an amulet of reflection (around neck)
Wands
 j - a wand of random effects (10)
 x - a wand of digging (6)
Scrolls
 k - 6 scrolls of teleportation
 n - a scroll of magic mapping
 r - a scroll of fear
 t - a scroll of fog
 u - 2 scrolls of remove curse
 z - a scroll of enchant armour
 A - a scroll of blinking
Potions
 b - 3 potions of might
 e - a potion of mutation
 g - 4 potions of curing
 h - a potion of resistance
 l - a potion of flight {unknown}
 m - a potion of haste {unknown}
 p - a potion of berserk rage {unknown}
 q - a potion of heal wounds {unknown}


   Skills:
 - Level 2.1 Fighting
 * Level 11.6 Staves
 - Level 2.0 Bows
 - Level 1.7 Throwing
 - Level 2.4 Dodging
 - Level 2.5 Invocations


You had 8 spell levels left.
You didn't know any spells.
Your spell library contained the following spells:

 Spells                   Type           Power        Failure   Level
 Beastly Appendage        Tmut           0%           54%         1
 Wereblood                Tmut           0%           69%         2
 Confusing Touch          Hex            0%           89%         3
 Gell's Gravitas          Tloc           0%           89%         3
 Spider Form              Tmut/Pois      0%           89%         3
 Ice Form                 Ice/Tmut       0%           100%        4
 Petrify                  Tmut/Erth      0%           100%        4
 Blade Hands              Tmut           0%           100%        5
 Metabolic Englaciation   Hex/Ice        0%           100%        5
 Yara's Violent Unravell  Hex/Tmut       0%           100%        5


Dungeon Overview and Level Annotations

Branches:
Dungeon (7/15)             Temple (1/1) D:5           Sewer (visited)

Altars:
Ashenzari
Cheibriados
Dithmenos
Elyvilon
Fedhas
Hepliaklqana
Kikubaaqudgha
Makhleb
Nemelex Xobeh
Okawaru
Qazlal
Ru
Sif Muna
Uskayaw
Vehumet
Wu Jian
Xom
Zin
The Shining One


Innate Abilities, Weirdness & Mutations

You are resistant to torment.
Your stone body is resilient. (AC +6)
You are immune to poison.
You resist negative energy. (rN+)
You are resistant to electric shocks. (rElec)
You can survive without breathing.
You are immune to petrification.
You are immune to miasma.


Message History

You barely miss the hound skeleton.
The hound skeleton is heavily damaged.
You hit the hound skeleton.
The hound skeleton is heavily damaged.
The hound skeleton bites you but does no damage.
You hit the hound skeleton.
The hound skeleton is heavily damaged.
You block the hound skeleton's attack.
You sock the hound skeleton!
You destroy the hound skeleton!
Okawaru accepts your kill.
The orc priest looks braver for a moment.
Okay, then.
You closely miss the orc priest.
The orc priest hits you but does no damage.
You hit the orc priest.
The orc priest is lightly wounded.
The orc priest mumbles some strange prayers to Beogh against you.
Beogh smites you!
You die...

.# ....# #####.#
..... ...# ...[..#
.... ....## ......#
...#. ....
#####.###.#.. ##..#
#.......###..o. #
####..#....[#.##o# .#
.............###@#
#.#
.................##.#
##.####.....###..#.#
# ...# #...........##
.# ####
##...#######.## .#
##.#########.#.#
#............#
##############


You could see 2 orc priests.

Vanquished Creatures
  Grinder (D:3)
  Edmund (D:6)
  A hornet zombie (D:7)
  2 ice beasts
  3 ogres
  A kobold brigand (Sewer)
  Blork the orc (D:6)
  3 bullfrogs
  4 killer bees (D:6)
  2 howler monkeys (D:5)
  A centaur zombie (D:6)
  Crazy Yiuf (D:5)
  2 bullfrog skeletons (D:5)
  2 iguanas
  5 worker ants
  Natasha (D:2)
  A hound skeleton (D:7)
  Robin (D:4)
  13 adders
  A howler monkey skeleton (D:6)
  2 river rats
  3 ufetubi
  4 oozes
  An adder zombie (D:6)
  7 worms
  A dart slug (D:1)
  6 leopard geckos
  10 orcs
  3 bat zombies (D:5)
  4 giant cockroaches
  18 goblins
  17 hobgoblins
  7 jackals (D:5)
  15 kobolds
  3 quokkas
  6 ball pythons
  4 bats
  4 frilled lizards
  2 leopard gecko skeletons
  A leopard gecko zombie (D:6)
  A quokka skeleton (D:4)
  19 rats
185 creatures vanquished.

Notes
Turn   | Place    | Note
-------+----------+-------------------------------------------
     0 | D:1      | HoaS the Gargoyle Gladiator began the quest for the Orb.
     0 | D:1      | Reached XP level 1. HP: 12/12 MP: 1/1
    62 | D:1      | Reached XP level 2. HP: 14/17 MP: 2/2
   174 | D:1      | Reached skill level 1 in Bows
   303 | D:1      | Reached XP level 3. HP: 18/21 MP: 3/3
   478 | D:1      | Reached skill level 4 in Staves
   974 | D:2      | Reached XP level 4. HP: 26/26 MP: 4/4
  1015 | D:2      | Noticed Natasha
  1025 | D:2      | Killed Natasha
  1734 | D:3      | Reached skill level 5 in Staves
  1734 | D:3      | Reached XP level 5. HP: 23/30 MP: 5/5
  1806 | D:3      | Found a sparkling altar of Nemelex Xobeh.
  2092 | D:3      | Noticed Grinder
  2105 | D:3      | Paralysed by Grinder for 2 turns
  2142 | D:3      | Killed Grinder
  2143 | D:3      | Reached skill level 6 in Staves
  2143 | D:3      | Reached XP level 6. HP: 17/35 MP: 6/6
  2610 | D:4      | Reached skill level 7 in Staves
  2713 | D:4      | Reached XP level 7. HP: 32/40 MP: 7/7
  2797 | D:3      | Reached skill level 8 in Staves
  3318 | D:4      | Noticed Robin
  3347 | D:4      | Killed Robin
  4289 | D:5      | Entered Level 5 of the Dungeon
  4296 | D:5      | HP: 1/40 [ogre/+0 giant club (10)]
  4449 | D:5      | Found a staircase to the Ecumenical Temple.
  4520 | D:5      | Found a glowing drain.
  4534 | Sewer    | Entered a sewer
  4910 | Sewer    | Reached skill level 9 in Staves
  4910 | Sewer    | Reached XP level 8. HP: 44/44 MP: 8/8
  5078 | Temple   | Entered the Ecumenical Temple
  5256 | Temple   | Became a worshipper of Warmaster Okawaru
  5443 | D:5      | Reached skill level 1 in Invocations
  5638 | D:5      | Found a runed translucent door.
  5638 | D:5      | Noticed Crazy Yiuf
  6361 | D:5      | Found an ancient bone altar of Kikubaaqudgha.
  6521 | D:5      | Killed Crazy Yiuf
  6558 | D:6      | Noticed Edmund
  6581 | D:6      | Killed Edmund
  6582 | D:6      | Reached skill level 10 in Staves
  6622 | D:6      | Noticed Blork the orc
  6628 | D:6      | Killed Blork the orc
  6628 | D:6      | Reached * piety under Okawaru
  7339 | D:6      | Reached XP level 9. HP: 44/48 MP: 10/10
  7345 | D:6      | Reached skill level 11 in Staves
  7845 | D:7      | Killed from afar by an orc priest

Illustrated notes

Levels and vault maps discovered:
D:1:      wander_arrival_lonely_grave, layout_loops_ring, minivault_25
D:2:      layout_loops_corners, uniq_natasha
D:3:      layout_basic, nemelex_xobeh_ov_fountains_minmay, uniq_grinder
D:4:      layout_layer_cave, uniq_robin
D:5:      layout_loops_ring, lemuel_zombie_altar_kikubaaqudgha,
          minmay_temple_entry_offerings, portal_sewer_entry_e, serial_glass,
          glass_columns_c, glass_columns_a, glass_columns_c, glass_columns_b,
          glass_columns_a, glass_columns_a, glass_columns_b, glass_columns_a,
          kennysheep_generic_room_10, uniq_crazy_yiuf_cottage
D:6:      layout_layer_cave, minmay_pentangle, uniq_edmund, uniq_blork_the_orc
D:7:      layout_loops_ring, gammafunk_temple_overflow_elements, eino_jars
Temple:   regret_index_temple_mists

Skill      XL: |  1  2  3  4  5  6  7  8  9 |
---------------+----------------------------+-----
Bows           | 1 2 |  2.0
Staves         | 4 5 6 7 9 10 11 | 11.6
Invocations    | 2 |  2.5
Fighting       | |  2.1
Throwing       | |  1.7
Dodging        | |  2.4

Action                   |  1- 3 |  4- 6 |  7- 9 || total
-------------------------+-------+-------+-------++-------
Melee: Quarterstaff      |    96 |   187 |   449 ||   732
Throw: Throwing net      |       |     2 |     2 ||     4
Evoke: Wand              |       |     8 |       ||     8
  Use: Scroll            |     5 |     3 |    12 ||    20
 Stab: Held in net/web   |       |     1 |     1 ||     2
Armor: Leather armour    |     4 |       |       ||     4
       Ring mail         |     6 |       |       ||     6
       Chain mail        |    37 |   106 |    38 ||   181
       Plate armour      |       |       |   145 ||   145
       Quicksilver drago |       |       |    43 ||    43
Dodge: Dodged            |    37 |    72 |   121 ||   230
Block: Other             |       |       |    18 ||    18

Table legend: (Time is in decaauts)
 A = Elapsed time spent in this place.
 B = Non-inter-level travel time spent in this place.
 C = Inter-level travel time spent in this place.
 D = Time resting spent in this place.
 E = Time spent auto-exploring this place.
 F = Levels seen in this place.
 G = Mean time per level.
                   A        B        C        D        E       F      G
               +--------+--------+--------+--------+--------+-----+--------+
         Total |   7916 |   7547 |    369 |   1281 |   4839 |   9 |  879.6 |
       Dungeon |   7093 |   6794 |    299 |   1159 |   4382 |   7 | 1013.3 |
        Temple |    259 |    189 |     70 |      0 |    187 |   1 |  259.0 |
         Sewer |    563 |    563 |      0 |    122 |    270 |   1 |  563.0 |
               +--------+--------+--------+--------+--------+-----+--------+

Top non-repeatable levels by time:
     D:5: 1539 daAuts
     D:4: 1428 daAuts
     D:3: 1192 daAuts
     D:6: 1134 daAuts
     D:2: 956 daAuts
     D:1: 728 daAuts
   Sewer: 563 daAuts
  Temple: 259 daAuts
     D:7: 112 daAuts
